AoeStats
← b站江条

Arabia

507826687Analyzed
1v1 RM · 12d ago on Sep 19, 2026· 39m 35s· 2 players
Game mode
Random Map
Map size
Tiny (2 player)
Population
200
Speed
Normal
Resources
Standard
Victory
Conquest
Starting age
Dark Age
Ending age
Imperial Age
RankedLock teamsTeams togetherTeam positionsShared explorationLock speedFull tech treeHidden civsTurbo modeCheats
Victory
Defeat
🇺🇸 Vietnamese · United States
1483
+14
🇨🇳 Maya · China
1444
-14
b站江条
0:26 Loom
11:18 Feudal Age
11:55 Double-Bit Axe
15:12 Horse Collar
16:43 Fletching
18:08 Padded Archer Armor
19:24 Wheelbarrow
20:38 Gold Mining
23:22 Castle Age
23:28 Crossbowman
24:41 Thumb Ring
26:29 Bodkin Arrow
26:55 Leather Archer Armor
27:38 Bow Saw
34:39 Imperial Age
32:41 Treadmill Crane
33:36 Heavy Plow
35:29 Bracer
36:29 Guilds
37:28 Hand Cart
39:22 Conscription
Wishbear
7:28 Loom
12:36 Feudal Age
13:04 Horse Collar
13:41 Double-Bit Axe
16:12 Wheelbarrow
15:22 Town Watch
16:09 Padded Archer Armor
16:00 Fletching
16:32 Padded Archer Armor
18:50 Gold Mining
22:37 Castle Age
22:37 Crossbowman
23:14 Bodkin Arrow
26:20 Bow Saw
34:20 Thumb Ring
38:50 Imperial Age
39:07 Leather Archer Armor
38:52 Capped Ram
Connection lost

Rejoining the realm…

Still unreachable

The connection could not be restored.

Session expired

The server has moved on; the page needs a fresh start.